 Dungeon Crawl Stone Soup: Circus Animals version 1.7-37-g2c94cca (webtiles) character file.

2770 DarthKuruptios the Changer (level 10, -2/122 HPs) *STANDARD*
             Began as a Vampire Earth Elementalist on Sept 20, 2016.
             Slain by a death yak (16 damage)
             ... on level 3 of the Lair of Beasts on Sept 21, 2016.
             The game lasted 01:41:52 (12318 turns).

DarthKuruptios the Changer (VpEE)                  Turns: 12318, Time: 01:41:53

Health: -2/122     AC:  7    Str:  7    XL:     10   Next: 42%
Magic:  78/150     EV: 18    Int: 18    God:
Gold:   961        SH:  0    Dex: 18    Spells: 4 memorised, 5 levels left

rFire  . . .     rPois    .     q - staff of power
rCold  . . .     rElec    .     c - +0 robe
rNeg   + + .     rCorr    .     (no shield) MagicSh . . . SeeInvis +
                                n - +0 hat StaminaSh . . . Faith .
                                a - +0 cloak RegenHP ++++++....
SustAt .                        g - +0 pair of gloves RegenSP +++....... Dismiss .
                                m - +0 pair of boots RegenMP ++++...... Reflect .
                                h - amulet of health regeneration
MR     ++...     Harm     .     k - +1 ring of evasion
Stlth  ++++......               j - ring of positive energy

@: focus, quick, quick, very resistant to hostile enchantments, stealthy
A: fangs 3, see invisible, unbreathing
a: Bat Form


You were on level 3 of the Lair of Beasts.
You were not thirsty.

You visited 2 branches of the dungeon, and saw 10 of its levels.
You also visited: Sewer.

You collected 1017 gold pieces.
You spent 56 gold pieces at shops.

Inventory:

Hand Weapons
 f - a +1 dagger
 l - the +6 trident "Conservator" {venom, rElec MP+25}
   (You found it on level 7 of the Dungeon)

   It poisons the flesh of those it strikes.
   It insulates you from electricity.
   It affects your magic capacity (+25).
Missiles
 b - 464 stones
 e - 12 poisoned tomahawks (quivered)
 o - 24 silver javelins
Armour
 a - a +0 cloak (worn)
 c - a +0 robe (worn)
 g - a +0 pair of gloves (worn)
 m - a +0 pair of boots (worn)
 n - a +0 hat (worn)
Magical Staves
 q - an uncursed staff of power (weapon)
Jewellery
 h - an amulet of health regeneration (around neck)
 j - a ring of positive energy (left hand)
 k - a +1 ring of evasion (right hand)
 r - an uncursed amulet of magic shield
Wands
 d - a wand of confusion (17/48)
 i - a wand of disintegration (3/24)
 p - a wand of polymorph (15/24)
Scrolls
 i - 3 scrolls of fog
 j - 4 scrolls of teleportation
 n - 2 scrolls of amnesia
 o - 2 scrolls of identify
 t - 2 scrolls of enchant weapon
 u - a scroll of remove curse
 x - 2 scrolls of noise
 y - 3 scrolls of magic mapping
 A - 2 scrolls of fear
 B - a scroll of recharging
Potions
 b - 20 potions of blood
 c - a potion of heal wounds
 d - 7 potions of stamina
 e - 7 potions of magic
 f - 3 potions of brilliance
 g - 6 potions of curing
 h - 4 potions of might
 k - 6 potions of agility
 l - 6 potions of lignification
 m - 7 potions of flight
 p - 3 potions of weak mutation
 r - 2 potions of haste
 s - a potion of cancellation
 v - a potion of invisibility
 z - a potion of ambrosia
 D - a potion of cure mutation
Books
 a - a book of Geomancy

   Spells                             Type                      Level
   a - Sandblast                      Earth                        1
   b - Passwall                       Transmutation/Earth          2
   c - Stone Arrow                    Earth                        2
   d - Petrify                        Transmutation/Earth          4
   e - Lee's Rapid Deconstruction     Transmutation/Earth          5
 q - a book of Flames

   Spells                             Type                      Level
   a - Flame Tongue                   Fire                         1
   b - Conjure Flame                  Conjuration/Fire             3
   c - Inner Flame                    Hexes/Fire/Time              3
   d - Sticky Flame                   Conjuration/Fire/Time        4
   e - Fireball                       Conjuration/Fire/Light       5
   f - Bolt of Magma                  Conjuration/Fire/Earth       5
 w - a book of Death

   Spells                             Type                      Level
   a - Corpse Rot                     Transmutation/Necromancy     2
   b - Sublimation of Blood           Necromancy                   2
   c - Agony                          Hexes/Necromancy/Darkness    5
 d - Dispel Undead Transmutation/Necromancy/Light5
 e - Excruciating Wounds Charms/Necromancy 5
 f - Bolt of Draining Conjuration/Necromancy/Time 5
 C - a book of Dreams

   Spells                             Type                      Level
   a - Ensorcelled Hibernation        Hexes/Ice/Time               2
   b - Silence                        Hexes/Air/Darkness           5
   c - Darkness                       Hexes/Darkness               6
   d - Shadow Creatures               Summoning/Darkness           6


   Skills:
 - Level 1.2 Polearms
 - Level 3.2 Dodging
 - Level 2.7 Stealth
 - Level 4.5 Spellcasting
 + Level 4.2 Conjurations
   Level 1.1 Translocations
 * Level 6.9 Transmutations
 + Level 4.5 Fire Magic
 + Level 6.1 Earth Magic
 * Level 3.8 Light Magic
   Level 1.5 Time Magic


You had 5 spell levels left.
You knew the following spells:

 Your Spells              Type           Power        Failure   Level  Hunger
a - Sandblast             Erth           #.........   2%          1    ##.....
b - Stone Arrow           Erth           #.........   3%          2    ##.....
c - Lee's Rapid Deconstr  Tmut/Erth      #.........   19%         5    ####...
 d -                      Fireball       Conj/Fire/Light#......... 25%         5    ####...


Dungeon Overview and Level Annotations

Branches:
Dungeon (7/7)                Lair (3/7) D:7           Snake (0/4) Lair:3
 Shoals: Lair:2-6     Swamp: Lair:2-6

Altars:
Cheibriados
Dithmenos
Elyvilon
Fedhas
Gozag
Hepliaklqana
Kikubaaqudgha
Nemelex Xobeh
Qazlal
Ru
Xom
Yredelemnul

Shops:
D:5 (   D:7 *


Innate Abilities, Weirdness & Mutations

You have razor-sharp teeth.
You have supernaturally acute eyesight. (SInv)
You can survive without breathing.


Message History

The death yak barely misses you. The death yak completely misses you.
The death yak gores you but does no damage.
The stone arrow hits the death yak. (mon hp-22)
The death yak gores you!! (hp-26) Damage (26) was greater than 30% of your hp (43)!!!
The death yak closely misses you. The death yak completely misses you.
The death yak gores you! (hp-10)
* * * LOW HITPOINT WARNING * * *; The death yak gores you.
You were prevented from receiving too much damage! (5 -> 0)
The death yak barely misses you. The death yak completely misses you.
The death yak gores you!
You were prevented from receiving too much damage! (16 -> 0)
The death yak gores you!!
You were prevented from receiving too much damage! (19 -> 0)
The death yak gores you. (hp-1)
* * * LOW HITPOINT WARNING * * *; The death yak gores you!! (hp-19)
* * * LOW HITPOINT WARNING * * *; The death yak closely misses you.
The death yak gores you!!
You were prevented from receiving too much damage! (22 -> 16)
You die...

##....#.......#..................
......###...###..................
.................................
.................................
.................................
.................................
.................................
...............YY................
...............Y@................
...............YY................
.................................
.................................
............................†.†..
.................................
.................................
.............................†.†.
.................................


You could see 5 death yaks.

Vanquished Creatures
  Gastronok (Lair:1)
  A death knight (D:7)
  A death yak (Lair:3)
  A hill giant (D:7)
  An ugly thing (D:7)
  2 phantasmal warriors
  A torpor snail (Lair:3)
  A komodo dragon (Lair:1)
  6 spiny frogs
  4 blink frogs (Lair:3)
  6 flying skulls
  18 yaks
  3 vampires
  3 hippogriffs
  3 wraiths
  A basilisk (D:7)
  A steam dragon (Lair:3)
  4 water moccasins
  3 nagas (Lair:3)
  Purgy (Sewer)
  2 ice beasts
  A phantom (D:5)
  3 sky beasts
  2 porcupines
  An ogre (D:4)
  An orc warrior (D:7)
  5 crocodiles
  3 centaurs
  7 giant frogs
  A wyvern zombie (Lair:2)
  A scorpion (D:5)
  4 killer bees (D:7)
  7 wights
  2 electric eels
  3 giant frog zombies
  4 hounds
  Crazy Yiuf (D:6)
  A giant frog skeleton (D:6)
  A jelly (D:6)
  3 orc priests
  Ijyb (D:2)
  A centaur skeleton (D:6)
  5 iguanas
  5 worker ants
  3 orc wizards
  12 sheep
  3 hound skeletons
  A howler monkey skeleton (D:5)
  7 dart slugs
  14 giant geckos
  4 oozes
  51 orcs
  5 worms
  19 adders
  16 bats
  7 giant cockroaches
  21 goblins
  16 hobgoblins
  14 jackals
  22 kobolds
  4 quokkas
  34 river rats
  A shadow imp (D:5)
  4 adder skeletons
  3 adder zombies
  A ball python skeleton (D:5)
  A giant gecko skeleton (D:4)
  4 giant newts
  A quokka skeleton (D:7)
  A quokka zombie (D:7)
  21 rats
417 creatures vanquished.

Vanquished Creatures (others)
  A plant (D:7)
1 creature vanquished.

Grand Total: 418 creatures vanquished

Notes
Turn   | Place    | Note
-------+----------+-------------------------------------------
     0 | D:1      | DarthKuruptios the Vampire Earth Elementalist began the quest for the Orb.
     0 | D:1      | Reached XP level 1. HP: 32/32 MP: 100/100
   101 | D:1      | Reached XP level 2. HP: 36/42 MP: 89/100
   131 | D:1      | Learned a level 2 spell: Stone Arrow
   309 | D:1      | Reached XP level 3. HP: 52/52 MP: 84/100
   931 | D:2      | Reached XP level 4. HP: 62/62 MP: 88/100
  1795 | D:2      | Noticed Ijyb
  1798 | D:2      | Killed Ijyb
  1901 | D:3      | Noticed a hippogriff
  1910 | D:3      | Killed a hippogriff
  1910 | D:3      | Reached XP level 5. HP: 55/72 MP: 9/100
  2033 | D:3      | Learned a level 5 spell: Lee's Rapid Deconstruction
  2220 | D:3      | Found a blossoming altar of Fedhas.
  2223 | D:3      | Found an ancient bone altar of Kikubaaqudgha.
  2669 | D:3      | Found a sparkling altar of Nemelex Xobeh.
  2669 | D:3      | Found an opulent altar of Gozag.
  3308 | D:5      | Entered Level 5 of the Dungeon
  3814 | D:5      | Found a faded altar of an unknown god.
  3815 | D:5      | Found a faded altar of an unknown god.
  3815 | D:5      | Found a faded altar of an unknown god.
  3821 | D:5      | Found a shimmering altar of Xom.
  3839 | D:5      | Reached XP level 6. HP: 80/80 MP: 81/100
  3875 | D:5      | Became a worshipper of Yredelemnul the Dark
  3875 | D:5      | Reached * piety under Yredelemnul
  3878 | D:5      | Fell from the grace of Yredelemnul
  4340 | D:5      | Found Datuymuc's Antique Weapon Boutique.
  5040 | D:6      | Found a white marble altar of Elyvilon.
  5160 | D:6      | Found a stormy altar of Qazlal.
  5185 | D:6      | Found a shimmering altar of Xom.
  5188 | D:6      | Found a snail-covered altar of Cheibriados.
  5201 | D:6      | Found a sacrificial altar of Ru.
  5284 | D:6      | Found a glowing drain.
  5297 | Sewer    | Entered a sewer
  5354 | Sewer    | Noticed Purgy
  5359 | Sewer    | Killed Purgy
  5456 | D:6      | Found a shadowy altar of Dithmenos.
  5544 | D:6      | Found a hazy altar of Hepliaklqana.
  5659 | D:6      | Found a runed door.
  5663 | D:6      | Noticed Crazy Yiuf
  5664 | D:6      | Killed Crazy Yiuf
  5718 | D:6      | Learned a level 5 spell: Fireball
  5739 | D:7      | Entered Level 7 of the Dungeon
  5796 | D:7      | Reached XP level 7. HP: 90/90 MP: 71/100
  5801 | D:7      | Reached skill level 1 in Fire Magic
  5825 | D:7      | Reached skill level 1 in Light Magic
  6175 | D:7      | Found Feehal's Assorted Antiques.
  6178 | D:7      | Reached skill level 1 in Conjurations
  6186 | D:7      | Bought 2 scrolls labeled XEJUSA DATI for 56 gold pieces
  6359 | D:7      | Found a staircase to the Lair.
  6763 | D:7      | Reached XP level 8. HP: 102/102 MP: 81/100
  6995 | D:7      | Found a runed door.
  6999 | D:7      | Noticed a hill giant
  7004 | D:7      | Killed a hill giant
  7024 | D:7      | Noticed a green ugly thing
  7024 | D:7      | Noticed a death knight
  7040 | D:7      | Killed a death knight
  7075 | D:7      | Killed a green ugly thing
  7102 | D:7      | Got a scorched trident
  7143 | D:7      | Identified the +6 trident "Conservator" {venom, rElec MP+25} (You found it on level 7 of the Dungeon)
  7736 | Lair:1   | Entered Level 1 of the Lair of Beasts
  8040 | Lair:1   | Reached XP level 9. HP: 107/112 MP: 87/100
  8110 | Lair:1   | Noticed Gastronok
  8121 | Lair:1   | Killed Gastronok
  8121 | Lair:1   | Reached skill level 5 in Transmutations
  8121 | Lair:1   | Reached skill level 5 in Earth Magic
 10551 | Lair:2   | Noticed a phantasmal warrior
 10555 | Lair:2   | Killed a phantasmal warrior
 10766 | Lair:2   | Reached skill level 1 in Polearms
 10766 | Lair:2   | Reached skill level 1 in Translocations
 10766 | Lair:2   | Reached skill level 1 in Time Magic
 11352 | Lair:3   | Reached XP level 10. HP: 114/122 MP: 71/100
 11501 | Lair:3   | HP: 9/122 [spiny frog (14)]
 11558 | Lair:3   | Found a staircase to the Snake Pit.
 11907 | Lair:3   | Was forgiven by Yredelemnul
 11976 | Lair:3   | Noticed a death yak
 11977 | Lair:3   | Noticed a death yak
 11977 | Lair:3   | Noticed a death yak
 12285 | Lair:3   | Noticed a death yak
 12288 | Lair:3   | Noticed a death yak
 12289 | Lair:3   | Noticed a death yak
 12315 | Lair:3   | Killed a death yak
 12318 | Lair:3   | Slain by a death yak

Skill      XL: |  1  2  3  4  5  6  7  8  9 10 |
---------------+-------------------------------+-----
Stealth        | 2 |  2.7
Spellcasting   | 3 4 |  4.5
Transmutations | 2 3 4 6 |  6.9
Earth Magic    | 4 5 6 |  6.1
Fire Magic     | 1 2 4 |  4.5
Light Magic    | 1 2 3 |  3.8
Conjurations   | 1 2 4 |  4.2
Polearms       | 1 |  1.2
Translocations | 1 |  1.1
Time Magic     | 1 |  1.5
Dodging        | |  3.2

Action                   |  1- 3 |  4- 6 |  7- 9 | 10-12 || total
-------------------------+-------+-------+-------+-------++-------
Melee: Unarmed           |     1 |       |       |       ||     1
       Dagger            |       |     5 |       |       ||     5
       Bite              |       |     1 |       |       ||     1
 Cast: Sandblast         |    49 |       |       |       ||    49
       Stone Arrow       |    72 |   251 |   278 |    84 ||   685
Invok: Renounce Religion |       |     1 |       |       ||     1
 Abil: End Transformatio |       |     1 |       |       ||     1
       Bat Form          |       |     1 |       |       ||     1
  Use: Scroll            |     4 |    11 |    10 |       ||    25
       Potion            |       |    23 |    19 |     8 ||    50
Armor: Robe              |    26 |    16 |    24 |    19 ||    85
Dodge: Dodged            |   101 |   101 |   269 |   139 ||   610
